Map: Thunderbird LE

Players

AsTeR - Winner!

  • Race: Zerg Zerg
  • League: Master
  • Spawn Location: 5:00

ExoLightning

  • Race: Protoss Protoss
  • League: Diamond
  • Spawn Location: 11:00

VOD

Have the link to the VOD?

Description

Time

  • Played on: June 22, 2019, 4:11 p.m.
  • Length: 13:08
Show
View Real Time Build Order
Export as new Build Order

AsTeR Zerg - Winner!

Build Orders: Hatch First, Brood Lord Corruptor 

Get SALT Encoding   

  12  0:00  Drone  
  13  0:12  Overlord  
  13  0:16  Drone  
  14  0:31  Drone x2  
  14  0:34  Drone  
  17  0:53  Hatchery  
  17  0:54  Drone  
  17  0:57  Drone  
  18  1:08  Extractor  
  17  1:12  Spawning Pool  
  17  1:15  Drone  
  17  1:18  Drone  
  18  1:28  Drone  
  19  1:39  Overlord  
  19  1:49  Drone  
  20  1:58  Queen  
  22  2:01  Drone  
  22  2:05  Zergling x2, Queen  
  26  2:11  Zergling x2  
  27  2:16  Drone  
  27  2:17  Metabolic Boost  
  28  2:23  Drone  
  29  2:32  Hatchery  
  29  2:35  Drone  
  29  2:41  Queen  
  31  2:46  Overlord  
  31  2:51  Drone  
  31  2:52  Drone  
  31  2:54  Drone  
  31  2:56  Drone  
  35  3:00  Drone  
  36  3:09  Overlord  
  36  3:10  Drone  
  36  3:11  Drone x3  
  40  3:25  Drone x2  
  42  3:30  Drone  
  42  3:33  Spore Crawler  
  42  3:35  Spore Crawler  
  42  3:37  Drone  
  42  3:41  Drone x2  
  42  3:42  Queen  
  42  3:44  Overlord  
  42  3:45  Lair  
  42  3:46  Drone  
  47  3:49  Extractor  
  47  3:50  Extractor, Drone  
  47  3:54  Drone x2  
  48  3:58  Drone x2  
  50  4:03  Drone x3  
  50  4:07  Queen  
  55  4:10  Overlord  
  55  4:14  Overlord  
  55  4:16  Drone  
  56  4:17  Drone  
  56  4:29  Drone  
  56  4:31  Overlord  
  56  4:32  Drone x2  
  56  4:33  Drone x5  
  63  4:41  Overlord  
  63  4:46  Hydralisk Den  
  63  4:49  Evolution Chamber, Drone x4  
  65  4:56  Drone x5  
  70  5:05  Overlord  
  70  5:06  Drone  
  70  5:07  Drone  
  72  5:10  Extractor  
  72  5:11  Extractor  
  70  5:16  Overlord  
  70  5:18  Drone x4  
  70  5:20  Extractor  
  73  5:25  Grooved Spines  
  73  5:30  Zerg Missile Weapons Level 1  
  73  5:31  Overlord  
  73  5:33  Hydralisk x4, Hatchery  
  80  5:46  Hydralisk x4  
  80  5:47  Hydralisk x2  
  92  5:52  Baneling Nest  
  92  5:53  Overlord, Drone  
  92  5:57  Drone  
  92  5:59  Drone  
  92  6:00  Drone x4  
  98  6:10  Drone  
  97  6:12  Spore Crawler, Drone  
  97  6:15  Spore Crawler  
  97  6:16  Drone  
  97  6:17  Spore Crawler, Drone x2  
  97  6:18  Spore Crawler, Hydralisk  
  95  6:25  Overlord  
  95  6:33  Hydralisk x6  
  91  6:40  Queen  
  91  6:41  Queen  
  91  6:42  Overseer  
  91  6:44  Muscular Augments  
  93  6:51  Centrifical Hooks  
  93  6:52  Overlord  
  93  6:54  Hydralisk x3  
  93  7:00  Zergling x2  
  93  7:01  Zergling x2  
  101  7:02  Drone x5  
  106  7:09  Overlord  
  106  7:10  Overlord  
  106  7:11  Hydralisk  
  108  7:17  Spore Crawler  
  108  7:21  Drone  
  108  7:22  Drone x2  
  105  7:29  Zerg Melee Weapons Level 1  
  105  7:32  Drone  
  105  7:33  Spore Crawler  
  105  7:35  Queen  
  107  7:37  Spore Crawler, Queen  
  108  7:45  Hydralisk x6  
  108  7:46  Hydralisk x3  
  108  7:47  Drone  
  123  7:52  Queen  
  125  8:03  Overlord  
  124  8:06  Infestation Pit, Drone  
  124  8:08  Hydralisk x2  
  124  8:09  Hydralisk x5  
  138  8:20  Overlord  
  138  8:21  Overlord x2  
  138  8:23  Drone x6  
  138  8:25  Queen  
  144  8:42  Overlord  
  144  8:46  Drone x4  
  144  8:47  Drone x2  
  150  8:50  Hive  
  150  8:53  Spire  
  150  8:55  Pathogen Glands  
  149  8:56  Hatchery  
  149  8:57  Zergling x2  
  149  8:58  Zergling x8  
  153  9:06  Overlord  
  153  9:08  Zergling x2  
  153  9:09  Zergling x18  
  164  9:10  Zergling x2  
  164  9:17  Overlord  
  164  9:22  Extractor  
  163  9:25  Zergling x20  
  163  9:27  Zerg Melee Weapons Level 2  
  163  9:29  Overlord x2  
  173  9:38  Baneling  
  173  9:39  Baneling x10  
  173  9:44  Extractor  
  172  9:51  Neural Parasite  
  172  9:54  Baneling x5  
  172  9:55  Zergling x6, Baneling x3  
  172  9:56  Zergling x14  
  175  10:20  Overlord  
  172  10:21  Greater Spire  
  141  10:48  Overseer  
  121  10:54  Infestor x5  
  121  10:55  Corruptor x10  
  121  10:56  Corruptor  
  147  11:04  Overlord  
  147  11:05  Zergling x6  
  147  11:06  Zergling x26  
  162  11:27  Baneling x6  
  162  11:28  Baneling x4  
  162  11:30  Spore Crawler  
  161  11:40  Brood Lord  
  161  11:41  Brood Lord x4  
  171  11:52  Queen  
  173  11:54  Spore Crawler, Brood Lord x2  
  173  11:58  Overlord x2  
  176  12:02  Drone x4  
  176  12:03  Drone x5  
  176  12:06  Brood Lord  
  187  12:08  Brood Lord  
  187  12:12  Extractor  
  187  12:13  Zergling x18  
  187  12:14  Zergling x4, Extractor  
  198  12:17  Zergling x2  
  198  12:21  Baneling x8  
  198  12:22  Baneling x4  
  199  12:23  Baneling  
  199  12:36  Overlord  
Show
View Real Time Build Order
Export as new Build Order

ExoLightning Protoss 

Build Orders: 1 Gate Expand, Oracle Opening, Phoenix Opening, Mass Phoenix 

Get SALT Encoding   

  12  0:01  Probe  
  13  0:13  Probe  
  14  0:19  Pylon  
  14  0:25  Probe  
  15  0:36  Probe  
  15  0:40  Gateway  
  16  0:44  Probe  
  16  0:48  Assimilator  
  17  0:52  Probe  
  18  1:04  Probe  
  19  1:16  Probe  
  20  1:27  Nexus  
  20  1:37  Cybernetics Core  
  20  1:42  Probe  
  20  1:46  Assimilator  
  22  1:55  Pylon  
  22  1:56  Probe  
  22  2:05  Adept  
  22  2:08  Probe  
  22  2:14  Stargate  
  25  2:21  Probe  
  26  2:25  Warp Gate  
  26  2:33  Probe  
  26  2:36  Adept  
  29  2:41  Probe  
  29  2:45  Probe  
  29  2:49  Phoenix  
  30  2:53  Probe  
  30  2:57  Probe  
  34  3:06  Probe  
  34  3:09  Probe  
  36  3:15  Oracle  
  36  3:18  Probe  
  40  3:21  Probe  
  41  3:30  Probe  
  41  3:33  Assimilator, Probe  
  43  3:35  Assimilator  
  43  3:38  Gateway  
  43  3:42  Probe  
  43  3:43  Pylon  
  43  3:45  Probe  
  43  3:47  Stargate  
  45  3:58  Probe  
  45  4:01  Probe  
  45  4:02  Phoenix  
  49  4:08  Pylon  
  49  4:10  Probe  
  49  4:13  Probe  
  51  4:19  Pylon  
  51  4:22  Probe  
  52  4:25  Probe  
  52  4:27  Phoenix  
  55  4:33  Phoenix  
  55  4:34  Probe  
  55  4:37  Probe  
  59  4:40  Adept, Pylon  
  59  4:42  Adept  
  63  4:46  Probe  
  63  4:49  Probe  
  63  4:52  Phoenix  
  67  4:58  Phoenix  
  69  5:11  Nexus  
  69  5:13  Pylon  
  69  5:14  Phoenix  
  69  5:17  Phoenix, Probe x2  
  75  5:30  Pylon, Probe  
  75  5:32  Probe  
  75  5:35  Phoenix  
  77  5:40  Phoenix  
  81  5:44  Probe x2  
  83  5:56  Probe x2  
  85  5:58  Robotics Facility  
  85  6:00  Robotics Facility  
  85  6:08  Probe  
  86  6:17  Probe  
  87  6:21  Probe  
  88  6:27  Phoenix x2  
  88  6:28  Probe  
  88  6:29  Probe  
  90  6:41  Probe  
  90  6:42  Probe x2  
  93  6:48  Immortal x2  
  93  6:49  Forge  
  93  6:50  Forge  
  93  6:52  Phoenix x2  
  105  6:56  Probe x3  
  105  6:58  Assimilator  
  105  7:00  Assimilator  
  108  7:04  Pylon  
  108  7:05  Pylon  
  108  7:09  Pylon  
  108  7:10  Probe  
  108  7:11  Protoss Ground Armor Level 1, Protoss Ground Weapons Level 1  
  110  7:22  Probe  
  110  7:25  Probe x2  
  110  7:27  Observer x2  
  114  7:39  Pylon  
  114  7:42  Twilight Council  
  114  7:48  Immortal  
  114  7:49  Immortal, Phoenix x2  
  122  8:04  Nexus  
  122  8:06  Pylon  
  122  8:08  Gateway, Pylon  
  122  8:09  Gateway  
  121  8:18  Phoenix  
  121  8:19  Phoenix  
  125  8:23  Immortal x2, Charge  
  125  8:27  Probe  
  125  8:28  Probe  
  135  8:43  Phoenix x2  
  139  8:49  Gateway  
  139  8:51  Gateway  
  139  8:53  Gateway  
  139  8:57  Immortal x2  
  139  9:01  Templar Archives  
  147  9:03  Pylon  
  147  9:05  Pylon  
  147  9:12  Probe x2  
  147  9:15  Protoss Ground Weapons Level 2  
  149  9:18  Protoss Ground Armor Level 2  
  149  9:19  Zealot x3  
  149  9:20  Zealot  
  149  9:22  Probe  
  158  9:26  Pylon  
  158  9:36  Immortal x2  
  166  9:44  High Templar x2  
  170  9:51  Zealot x5  
  170  9:52  Archon  
  172  10:15  Immortal, Zealot, High Templar x2  
  172  10:16  Immortal, Zealot x4  
  172  10:19  Archon  
  150  10:36  High Templar x2  
  150  10:37  Zealot  
  150  10:38  Zealot x2  
  150  10:41  Archon  
  146  10:48  Zealot x2  
  104  11:03  High Templar x3  
  106  11:07  Archon  
  106  11:10  Phoenix  
  106  11:11  Immortal  
  112  11:17  Zealot x3  
  112  11:18  Zealot  
  120  11:36  High Templar  
  120  11:37  Zealot x3  
  120  11:38  Zealot x2  
  132  11:44  Observer x2, Archon  
  134  12:01  Gateway  
  134  12:02  Gateway  
  134  12:04  Gateway  
  134  12:05  Gateway  
  134  12:08  Gateway x3  
  134  12:10  Zealot x7  
  148  12:18  Immortal x2  
  148  12:19  Phoenix x2  
  131  12:46  High Templar  
  131  12:47  High Templar x4  
  131  12:56  Archon  
  131  12:57  Archon  
  113  13:01  Zealot x2  
  113  13:02  Zealot x4  
Tags
 
Add a new tag
Caveats
  • Supply blocks, unpowered buildings, or Contaminate may cause inaccurate times.
  • Supply counts are checked every 10 seconds.